 Dungeon Crawl Stone Soup version 0.27-a0-1188-g73eefd5def (webtiles) character file.

Game seed: 15111431105443846329

120 flotson the Covert (level 5, 0/47 HPs)
             Began as a Gnoll Delver on May 20, 2021.
             Slain by Grinder (2 damage)
             ... on level 3 of the Dungeon.
             The game lasted 00:06:59 (3209 turns).

flotson the Covert (Gnoll Delver)                   Turns: 3209, Time: 00:07:00

Health: 0/47       AC:  4    Str: 12 (13) XL:     5   Next: 4%
Magic:  6/6        EV: 10    Int: 12 (15) God:
Gold:   141        SH:  7    Dex: 11 (13) Spells: 6/6 levels left

rFire    . . .     SeeInvis .   a - +0 spear
rCold    . . .     Faith    .   k - +0 kite shield
rNeg     . . .     Spirit   .   o - +0 leather armour
rPois    .         Reflect  .   l - +0 helmet
rElec    .         Harm     .   (no cloak)
rCorr    .         Rampage  .   (no gloves)
Will     .....                  (no boots)
Stlth    ++++......             (no amulet)
HPRegen  0.15/turn              m - +6 ring of intelligence
MPRegen  0.10/turn              (no ring)

@: brilliant
A: fangs 1, strong nose, distributed training
a: no special abilities


You were on level 3 of the Dungeon.
You visited 1 branch of the dungeon, and saw 5 of its levels.

You collected 141 gold pieces.

Inventory:

Hand Weapons
 a - a +0 spear (weapon)
 b - a +0 hunting sling
Missiles
 d - 23 poisoned darts (quivered)
 p - 10 sling bullets
Armour
 k - a +0 kite shield (worn)
 l - a +0 helmet (worn)
 o - a +0 leather armour (worn)
Jewellery
 m - a +6 ring of intelligence (left hand)
Wands
 g - a wand of digging (3)
Scrolls
 c - a scroll of fog
 e - a scroll of magic mapping
 q - a scroll of noise


   Skills:
 + Level 6.6 Fighting
 + Level 1.3 Short Blades
 + Level 1.3 Long Blades
 + Level 1.3 Axes
 + Level 1.3 Maces & Flails
 + Level 4.7 Polearms
 + Level 1.3 Staves
 + Level 1.3 Slings
 + Level 1.3 Bows
 + Level 1.3 Crossbows
 + Level 1.3 Throwing
 + Level 1.3 Armour
 + Level 4.7 Dodging
 + Level 9.6 Stealth
 + Level 1.3 Shields
 + Level 1.3 Unarmed Combat
 + Level 1.3 Spellcasting
 + Level 1.0 Conjurations
 + Level 1.0 Hexes
 + Level 1.0 Summonings
 + Level 1.0 Necromancy
 + Level 1.0 Translocations
 + Level 1.0 Transmutations
 + Level 1.0 Fire Magic
 + Level 1.0 Ice Magic
 + Level 1.0 Air Magic
 + Level 1.0 Earth Magic
 + Level 1.0 Poison Magic
 + Level 1.4 Invocations
 + Level 1.3 Evocations


You had 6 spell levels left.
You didn't know any spells.
Your spell library contained the following spells:

 Spells                   Type           Power      Damage    Failure   Level
 Corona                   Hex            5%         N/A       82%         1
 Ensorcelled Hibernation  Hex/Ice        10%        N/A       91%         2
 Confusing Touch          Hex            5%         N/A       99%         3
 Dazzling Flash           Conj/Hex       10%        N/A       99%         3
 Tukima's Dance           Hex            5%         N/A       99%         3


Dungeon Overview and Level Annotations

Branches:
Dungeon (5/15)
 Temple: D:4-7

Altars:

Shops:
D:2 *

Annotations:
D:3 Grinder, Robin, Sigmund


Innate Abilities, Weirdness & Mutations

You have very sharp teeth.
Your uncanny sense of smell can sniff out nearby items.
Your experience applies equally to all skills.


Message History

* * * LOW HITPOINT WARNING * * *
You writhe in agony.
* * * LOW HITPOINT WARNING * * *
You feel better. Grinder hits you but does no damage.
You hit Grinder.
Grinder is heavily wounded.
Grinder says, "DUCK!"
Grinder closely misses you.
You closely miss Grinder.
Grinder is heavily wounded.
Grinder hits you.
* * * LOW HITPOINT WARNING * * *
You writhe in agony.
* * * LOW HITPOINT WARNING * * *
You block Grinder's attack.
You hit Grinder.
Grinder is severely wounded.
Grinder hits you!
* * * LOW HITPOINT WARNING * * *
Unknown command.
You feel better. Grinder hits you!
* * * LOW HITPOINT WARNING * * *
You writhe in agony.
* * * LOW HITPOINT WARNING * * *
It was a potion of degeneration.
There was something very wrong with that liquid.
You feel weakened.
You feel dopey.
You feel clumsy.
Grinder says, "I used to sell toenails on the black market."
Grinder completely misses you.
It was a potion of brilliance.
You feel clever all of a sudden. Grinder completely misses you.
As you read the scroll labelled NAVOKHL BADAKUSCH, it crumbles to dust.
It is a scroll of amnesia.
You feel forgetful for a moment. Grinder closely misses you.
As you read the scroll labelled DAURI OXZI, it crumbles to dust.
It is a scroll of identify.
q - a scroll of noise Grinder hits you.
You die...

#... ######+#.#####.
#......).......
########...†....######
#.....##..........#######
+.....'...).#..##.......#
.#.....#####.#...#.#####.#
#........(.##.#.......###
.........(...(..@5.....>#
#.......?.(####.....#(###
#..........##....#..#.#
#..........#........#.#
#...[......#...####.#.#
#..........#... ..#.#
#..........#... ###.# #.
.......#... #.# #. # #.#


You could see Grinder.

Vanquished Creatures
  Ijyb (D:3)
  3 adders (D:2)
  3 worms
  2 orcs
  5 bats
  10 endoplasms
  2 giant cockroaches
  3 hobgoblins (D:1)
  3 jackals (D:2)
  5 kobolds
  3 quokkas
  5 ball pythons
  A frilled lizard (D:1)
  6 goblins
  2 rats
54 creatures vanquished.

Notes
Turn   | Place    | Note
-------+----------+-------------------------------------------
     0 | D:5      | Reached skill level 9 in Stealth
     0 | D:5      | flotson the Gnoll Delver began the quest for the Orb.
     0 | D:5      | Reached XP level 1. HP: 23/23 MP: 1/1
    16 | D:4      | Noticed a water moccasin
    40 | D:4      | Noticed an orc wizard
    41 | D:4      | Noticed an orc wizard
   441 | D:2      | Reached XP level 2. HP: 29/29 MP: 2/2
   994 | D:1      | Reached XP level 3. HP: 35/35 MP: 3/3
  1387 | D:2      | Reached skill level 1 in Invocations
  1571 | D:2      | Reached skill level 1 in Short Blades
  1571 | D:2      | Reached skill level 1 in Long Blades
  1571 | D:2      | Reached skill level 1 in Axes
  1571 | D:2      | Reached skill level 1 in Maces & Flails
  1571 | D:2      | Reached skill level 1 in Staves
  1571 | D:2      | Reached skill level 1 in Slings
  1571 | D:2      | Reached skill level 1 in Bows
  1571 | D:2      | Reached skill level 1 in Crossbows
  1571 | D:2      | Reached skill level 1 in Throwing
  1571 | D:2      | Reached skill level 1 in Armour
  1571 | D:2      | Reached skill level 1 in Shields
  1571 | D:2      | Reached skill level 1 in Unarmed Combat
  1571 | D:2      | Reached skill level 1 in Spellcasting
  1571 | D:2      | Reached skill level 1 in Evocations
  1625 | D:2      | Found Izularag's Assorted Antiques.
  1641 | D:2      | Reached XP level 4. HP: 41/41 MP: 5/5
  2219 | D:3      | Noticed Ijyb
  2240 | D:3      | Paralysed by Ijyb for 2 turns
  2245 | D:3      | Paralysed by Ijyb for 2 turns
  2255 | D:3      | Paralysed by Ijyb for 6 turns
  2268 | D:3      | Killed Ijyb
  2269 | D:3      | Reached skill level 1 in Conjurations
  2269 | D:3      | Reached skill level 1 in Hexes
  2269 | D:3      | Reached skill level 1 in Summonings
  2269 | D:3      | Reached skill level 1 in Necromancy
  2269 | D:3      | Reached skill level 1 in Translocations
  2269 | D:3      | Reached skill level 1 in Transmutations
  2269 | D:3      | Reached skill level 1 in Fire Magic
  2269 | D:3      | Reached skill level 1 in Ice Magic
  2269 | D:3      | Reached skill level 1 in Air Magic
  2269 | D:3      | Reached skill level 1 in Earth Magic
  2269 | D:3      | Reached skill level 1 in Poison Magic
  2349 | D:3      | Noticed Sigmund
  2436 | D:3      | You fall into a shaft and drop 2 floors!
  2633 | D:3      | Noticed Robin
  2850 | D:3      | Reached XP level 5. HP: 47/47 MP: 6/6
  3164 | D:3      | Noticed Grinder
  3182 | D:3      | Paralysed by Grinder for 7 turns
  3191 | D:3      | Paralysed by Grinder for 2 turns
  3205 | D:3      | HP: 1/47 [Grinder (4)]
  3209 | D:3      | Slain by Grinder

Illustrated notes

Levels and vault maps discovered:
D:1:      lemuel_arrival_river_ford, layout_basic, minmay_pentomino_t2
D:2:      layout_loops_ring, serial_shops,
          nicolae_shop_temple_entry_statues_fountains, supply_closet_lemuel,
          grunt_ministairs_12, nrook_mini_backslash
D:3:      layout_basic, uniq_sigmund, uniq_robin, uniq_grinder, uniq_ijyb
D:4:      layout_basic, elyvilon_altar_5, uniq_purgy
D:5:      layout_loops_ring, lemuel_doored_altar, minmay_temple_entry_slanted,
          gammafunk_ghost_split, portal_sewer_entry_d

Skill      XL: |  1  2  3  4 |
---------------+-------------+-----
Stealth        | |  9.6
Invocations    | 1 |  1.4
Short Blades   | 1 |  1.3
Long Blades    | 1 |  1.3
Axes           | 1 |  1.3
Maces & Flails | 1 |  1.3
Staves         | 1 |  1.3
Slings         | 1 |  1.3
Bows           | 1 |  1.3
Crossbows      | 1 |  1.3
Throwing       | 1 |  1.3
Armour         | 1 |  1.3
Shields        | 1 |  1.3
Unarmed Combat | 1 |  1.3
Spellcasting   | 1 |  1.3
Evocations     | 1 |  1.3
Conjurations   | 1 |  1.0
Hexes          | 1 |  1.0
Summonings     | 1 |  1.0
Necromancy     | 1 |  1.0
Translocations | 1 |  1.0
Transmutations | 1 |  1.0
Fire Magic     | 1 |  1.0
Ice Magic      | 1 |  1.0
Air Magic      | 1 |  1.0
Earth Magic    | 1 |  1.0
Poison Magic   | 1 |  1.0
Fighting       | |  6.6
Polearms       | |  4.7
Dodging        | |  4.7

Action                   |  1- 3 |  4- 6 || total
-------------------------+-------+-------++-------
Melee: Spear             |   115 |   124 ||   239
       Bite              |     7 |    11 ||    18
       Punch             |     1 |       ||     1
 Fire: Hunting sling     |       |     9 ||     9
Throw: Boomerang         |     3 |       ||     3
       Dart              |     5 |    13 ||    18
  Use: Scroll            |     2 |     2 ||     4
       Potion            |     1 |     5 ||     6
 Stab: Sleeping          |     9 |     6 ||    15
       Distracted        |     1 |       ||     1
Armor: Leather armour    |    11 |    21 ||    32
Dodge: Dodged            |    51 |    46 ||    97
Block: Kite shield       |       |    26 ||    26

Table legend: (Time is in decaauts)
 A = Elapsed time spent in this place.
 B = Non-inter-level travel time spent in this place.
 C = Inter-level travel time spent in this place.
 D = Time resting spent in this place.
 E = Time spent auto-exploring this place.
 F = Levels seen in this place.
 G = Mean time per level.
                   A        B        C        D        E       F      G
               +--------+--------+--------+--------+--------+-----+--------+
         Total |   3215 |   2991 |    224 |    473 |   1844 |   5 |  643.0 |
       Dungeon |   3215 |   2991 |    224 |    473 |   1844 |   5 |  643.0 |
               +--------+--------+--------+--------+--------+-----+--------+

Top non-repeatable levels by time:
     D:2: 1187 daAuts
     D:1: 988 daAuts
     D:3: 906 daAuts
     D:4: 105 daAuts
     D:5: 27 daAuts
